 Dungeon Crawl Stone Soup version 0.29-a0-222-g5b244fca1f (webtiles) character file.

Game seed: 17088132880660532112

182 tognito the Chopper (level 5, -2/47 HPs)
             Began as a Minotaur Berserker on Feb 27, 2022.
             Was a Believer of Trog.
             Slain by Crazy Yiuf
             ... wielding a +4 quarterstaff of chaos
              (5 damage)
             ... while petrified by Crazy Yiuf
             ... on level 3 of the Dungeon.
             The game lasted 00:03:51 (2141 turns).

tognito the Chopper (Minotaur Berserker)            Turns: 2141, Time: 00:03:51

Health: -2/47      AC:  9    Str: 21    XL:     5   Next: 35%
Magic:  4/4        EV:  2    Int:  4    God:    Trog [**....]
Gold:   162        SH:  0    Dex: 10    Spells: 4/4 levels left

rFire   . . .      SeeInvis .   a - +0 war axe
rCold   . . .      Faith    .   (no shield)
rNeg    + + +      Spirit   .   k - +0 chain mail
rPois   ∞          Reflect  .   (helmet restricted)
rElec   .          Harm     .   e - scarf {+Inv}
rCorr   .          Rampage  .   (no gloves)
Will    .....      Rnd*Tele +   (no boots)
Stlth   ..........              (no amulet)
HPRegen 0.15/turn               (no ring)
MPRegen 0.09/turn               (no ring)

@: mighty, lethally poisoned (-2 -> -2), petrified, on berserk cooldown, slowed
A: horns 2, retaliatory headbutt, teleportitis 1, weak 1
a: Renounce Religion, Evoke Invisibility, Berserk, Trog's Hand


You were on level 3 of the Dungeon.
You worshipped Trog.
Trog was pleased with you.
You visited 1 branch of the dungeon, and saw 3 of its levels.

You collected 162 gold pieces.

Inventory:

Hand Weapons
 a - a +0 war axe (weapon)
Armour
 e - a scarf of invisibility (worn)
 k - a +0 chain mail (worn)
Scrolls
 b - a scroll of teleportation {unknown}
 d - a scroll of enchant armour {unknown}
 f - a scroll of blinking {unknown}
 g - 2 scrolls of fog {unknown}
 h - 2 scrolls of identify {unknown}
Potions
 i - a potion of curing


   Skills:
 + Level 4.3 Fighting
 * Level 5.2 Axes
 + Level 1.7 Throwing
 + Level 3.4 Armour
 + Level 3.2 Dodging


You had 4 spell levels left.
You didn't know any spells.
Your spell library was empty.

Dungeon Overview and Level Annotations

Branches:
Dungeon (3/15)

Altars:

Annotations:
D:3 1 runed translucent door, Crazy Yiuf


Innate Abilities, Weirdness & Mutations

You have a pair of horns on your head.
You reflexively headbutt those who attack you in melee.
You are occasionally teleported next to monsters.
You are weak. (Str -2)


Message History

You headbutt Crazy Yiuf, but do no damage.
Crazy Yiuf is moderately wounded.
You feel very sick.
Crazy Yiuf hits you with a +4 quarterstaff of chaos!
You are slowing down.
You hit Crazy Yiuf.
Crazy Yiuf is heavily wounded.
You feel very sick.
Crazy Yiuf hits you with a +4 quarterstaff of chaos!
You are more poisoned.
Your limbs are stiffening.
You barely miss Crazy Yiuf.
Crazy Yiuf is heavily wounded.
You feel extremely sick. Crazy Yiuf completely misses you.
You have turned to stone.
Crazy Yiuf hits you with a +4 quarterstaff of chaos!
Crazy Yiuf freezes you.
Crazy Yiuf whimpers, "Action pizzabubble action!"
Crazy Yiuf hits you with a +4 quarterstaff of chaos!
You feel very mighty all of a sudden.
Crazy Yiuf hits you with a +4 quarterstaff of chaos!
Crazy Yiuf hits you but does no damage.
Crazy Yiuf hits you with a +4 quarterstaff of chaos.
You resist with some effort.
Crazy Yiuf hits you with a +4 quarterstaff of chaos!
* * * LOW HITPOINT WARNING * * *
Crazy Yiuf freezes you.
* * * LOW HITPOINT WARNING * * *
Crazy Yiuf hits you with a +4 quarterstaff of chaos!
* * * LOW HITPOINT WARNING * * *
You are confused.
You are no longer berserk.
You feel yourself slow down.
Crazy Yiuf hits you with a +4 quarterstaff of chaos!
* * * LOW HITPOINT WARNING * * *
Crazy Yiuf freezes you.
* * * LOW HITPOINT WARNING * * *
You feel less confused.
Crazy Yiuf hits you with a +4 quarterstaff of chaos!
You die...

##### #).)#
#g))# ######
#@))# ..>..#
##+## ####.#
)♣ # #.# ♣♣ #
##.##
###.#.#######
#..###......#
#.#.#.#######
#.##.##


You could see Crazy Yiuf.

Vanquished Creatures
  A black bear (D:3)
  3 adders
  2 dart slugs (D:3)
  4 ball pythons
  4 bats
  6 endoplasms
  3 giant cockroaches
  2 goblins
  7 hobgoblins
  4 jackals (D:1)
  3 quokkas
  6 frilled lizards
  4 kobolds
  5 rats
54 creatures vanquished.

Notes
Turn   | Place    | Note
-------+----------+-------------------------------------------
     0 | D:1      | tognito the Minotaur Berserker began the quest for the Orb.
     0 | D:1      | Reached XP level 1. HP: 19/19 MP: 0/0
   351 | D:1      | Reached XP level 2. HP: 18/27 MP: 1/1
   355 | D:1      | Reached skill level 4 in Axes
   998 | D:2      | Gained mutation: You are occasionally teleported next to
                  | monsters. [potion of mutation]
   998 | D:2      | Gained mutation: You are weak. (Str -2) [potion of
                  | mutation]
  1157 | D:2      | Reached ** piety under Trog
  1158 | D:2      | Reached XP level 3. HP: 25/33 MP: 2/2
  1321 | D:2      | Reached skill level 1 in Throwing
  1373 | D:2      | Found a faded altar of an unknown god.
  1652 | D:3      | Noticed a black bear
  1660 | D:3      | Killed a black bear
  1661 | D:3      | Reached skill level 5 in Axes
  1661 | D:3      | Reached XP level 4. HP: 40/40 MP: 3/3
  1661 | D:3      | Reached XP level 5. HP: 46/46 MP: 4/4
  2128 | D:3      | Found a runed translucent door.
  2128 | D:3      | Noticed Crazy Yiuf
  2141 | D:3      | Slain by Crazy Yiuf

Illustrated notes

Levels and vault maps discovered:
D:1:      matt_arrival_refuge, layout_loops_ring,
          minmay_misc_feat_secret_circle, minmay_misc_feat_square,
          feat_on_display
D:2:      layout_basic, hellmonk_ecumenical_altar_zigzags
D:3:      layout_loops_ring, uniq_crazy_yiuf_cottage

Skill      XL: |  1  2  3 |
---------------+----------+-----
Axes           | 4 5 |  5.2
Throwing       | 1 |  1.7
Fighting       | 4 |  4.3
Armour         | 3 |  3.4
Dodging        | 3 |  3.2

Action                   |  1- 3 |  4- 6 || total
-------------------------+-------+-------++-------
Melee: Hand axe          |    72 |    10 ||    82
       Headbutt          |     5 |     4 ||     9
       Punch             |     1 |       ||     1
       War axe           |       |    20 ||    20
Invok: Berserk           |     1 |     1 ||     2
  Use: Potion            |     3 |     3 ||     6
Armor: Ring mail         |    33 |     6 ||    39
       Chain mail        |       |     2 ||     2
Dodge: Dodged            |    58 |    11 ||    69

Table legend: (Time is in decaauts)
 A = Elapsed time spent in this place.
 B = Non-inter-level travel time spent in this place.
 C = Inter-level travel time spent in this place.
 D = Time resting spent in this place.
 E = Time spent auto-exploring this place.
 F = Levels seen in this place.
 G = Mean time per level.
                   A        B        C        D        E       F      G
               +--------+--------+--------+--------+--------+-----+--------+
         Total |   2165 |   2111 |     54 |     42 |   1697 |   3 |  721.7 |
       Dungeon |   2165 |   2111 |     54 |     42 |   1697 |   3 |  721.7 |
               +--------+--------+--------+--------+--------+-----+--------+

Top non-repeatable levels by time:
     D:1: 923 daAuts
     D:2: 709 daAuts
     D:3: 532 daAuts
